 Dungeon Crawl Stone Soup version 0.29.0-3-gbb0933ed62 (webtiles) character file.

Game seed: 5107014647082756757

708 christhawk the Shooter (level 7, -3/59 HPs)
             Began as a Minotaur Hunter on Aug 25, 2022.
             Was an Initiate of Okawaru.
             Killed from afar by Maggie (17 damage)
             ... with a bolt of fire
             ... on level 6 of the Dungeon.
             The game lasted 00:23:41 (3653 turns).

christhawk the Shooter (Minotaur Hunter)            Turns: 3653, Time: 00:23:42

Health: -3/59      AC: 10    Str: 15      XL:     7   Next: 40%
Magic:  6/6        EV: 12    Int:  6      God:    Okawaru [......]
Gold:   214        SH:  0    Dex: 15 (16) Spells: 6/6 levels left

rFire   . . .      SeeInvis .   b - +4 short sword (drain)
rCold   . . .      Faith    +   (no shield)
rNeg    . . .      Spirit   .   g - +0 ring mail
rPois   .          Reflect  .   (helmet restricted)
rElec   .          Harm     .   (no cloak)
rCorr   +          Rampage  .   (no gloves)
Will    .....      Clarity  +   k - +0 pair of boots
Stlth   +.........              i - amulet of faith
HPRegen 0.19/turn               e - ring of resist corrosion
MPRegen 0.10/turn               c - +4 ring of protection

@: mighty
A: horns 2, retaliatory headbutt, clarity, wild magic 1
a: Renounce Religion


You were on level 6 of the Dungeon.
You worshipped Okawaru.
Okawaru was noncommittal.
You visited 2 branches of the dungeon, and saw 7 of its levels.

You collected 214 gold pieces.

Inventory:

Hand Weapons
 a - a +0 shortbow
 b - a +4 short sword of draining (weapon)
Armour
 g - a +0 ring mail (worn)
 k - a +0 pair of boots (worn)
Jewellery
 c - a +4 ring of protection (right hand)
 e - a ring of resist corrosion (left hand)
 i - an amulet of faith (around neck)
 j - a ring of see invisible
Scrolls
 d - a scroll of immolation
 f - 2 scrolls of teleportation


   Skills:
 * Level 4.3 Fighting
 * Level 2.6 Short Blades
 + Level 1.3 Polearms
 * Level 7.7 Ranged Weapons
 + Level 3.0 Armour
 * Level 3.5 Dodging
 + Level 0.9 Stealth


You had 6 spell levels left.
You didn't know any spells.
Your spell library contained the following spells:

 Spells                   Type           Power      Damage    Failure   Level
 Apportation              Tloc           0%         N/A       75%         1
 Necrotise                Necr           0%         1d4       75%         1
 Sublimation of Blood     Necr           0%         N/A       87%         2
 Stone Arrow              Conj/Erth      0%         3d7       98%         3
 Petrify                  Tmut/Erth      0%         N/A       100%        4
 Irradiate                Conj/Tmut      0%         3d11      100%        5
 Lehudib's Crystal Spear  Conj/Erth      0%         10d2      100%        8
 Summon Small Mammal      Summ           Unusable   N/A       N/A         1
 Animate Armour           Summ/Erth      Unusable   N/A       N/A         4

Dungeon Overview and Level Annotations

Branches:
Dungeon (7/15)             Temple (1/1) D:7

Altars:
Cheibriados
Dithmenos
Elyvilon
Fedhas
Gozag
Kikubaaqudgha
Makhleb
Okawaru
Ru
Trog
Uskayaw
Wu Jian

Annotations:
D:6 Maggie


Innate Abilities, Weirdness & Mutations

You have a pair of horns on your head.
You reflexively headbutt those who attack you in melee.
You possess an exceptional clarity of mind.
Your spells are a little harder to cast, but a little more powerful.


Message History

You closely miss the shadow imp. You headbutt the shadow imp!
You kill the shadow imp!
Okawaru accepts your kill.
You feel sick.
Maggie gestures wildly while chanting.
Maggie attempts to bespell you!
You are unaffected.
The kobold brigand barely misses you. You furiously retaliate!
You headbutt the kobold brigand! You puncture the kobold brigand!
You drain the kobold brigand.
You kill the kobold brigand!
Okawaru accepts your kill.
You feel sick.
You are no longer poisoned.
You feel your dexterity returning.
Your Armour skill increases to level 3!
You puncture the kobold!
You kill the kobold!
Okawaru accepts your kill.
The kobold throws a stone.
The stone barely misses you. The kobold barely misses you.
You puncture the kobold!
You kill the kobold!
Maggie hits you but does no damage.
You puncture the kobold!
You kill the kobold!
Okawaru accepts your kill. Maggie misses you.
Maggie hits you but does no damage. Maggie closely misses you.
The kobold closely misses you. You furiously retaliate!
You headbutt the kobold!
You kill the kobold!
Okawaru accepts your kill.
Items here: (( )))) ††.
You closely miss Maggie.
Maggie is lightly wounded.
You feel yourself speed up.
Maggie points at you and mumbles some strange words.
The bolt of fire misses you. Maggie casts a spell at you.
The bolt of fire hits you!
You die...

#..........#
##..........#
............
...........
K........)
.........
#########@.......
........@>.#
############


You could see Maggie.

Vanquished Creatures
  A black bear (D:4)
  An ogre (D:4)
  A phantom (D:3)
  A kobold brigand (D:6)
  A necrophage (D:6)
  A hound (D:4)
  2 orc priests
  An iguana (D:4)
  An orc wizard (D:4)
  6 adders
  A shadow imp (D:6)
  4 worms
  2 dart slugs
  14 orcs
  6 endoplasms
  6 giant cockroaches
  10 goblins
  2 hobgoblins
  3 jackals (D:1)
  2 quokkas
  13 ball pythons
  5 bats
  5 frilled lizards
  14 kobolds
  5 rats (D:3)
108 creatures vanquished.

Notes
Turn   | Place    | Note
-------+----------+-------------------------------------------
     0 | D:1      | christhawk the Minotaur Hunter began the quest for the Orb.
     0 | D:1      | Reached XP level 1. HP: 18/18 MP: 0/0
   139 | D:1      | Reached XP level 2. HP: 25/25 MP: 1/1
   326 | D:1      | Reached skill level 5 in Ranged Weapons
   476 | D:1      | Gained mutation: You possess an exceptional clarity of
                  | mind. [potion of mutation]
   476 | D:1      | Gained mutation: Your spells are a little harder to cast,
                  | but a little more powerful. [potion of mutation]
   506 | D:1      | Reached skill level 1 in Armour
   817 | D:2      | Reached XP level 3. HP: 30/30 MP: 2/2
  1008 | D:2      | Found a faded altar of an unknown god.
  1523 | D:2      | Reached XP level 4. HP: 37/37 MP: 3/3
  1598 | D:3      | Found an ancient bone altar of Kikubaaqudgha.
  1632 | D:3      | Noticed a phantom
  1639 | D:3      | Killed a phantom
  1640 | D:3      | Reached skill level 1 in Polearms
  1640 | D:3      | Reached skill level 6 in Ranged Weapons
  1640 | D:3      | Reached XP level 5. HP: 43/45 MP: 4/4
  1858 | D:3      | Reached skill level 1 in Short Blades
  1980 | D:3      | Found a shadowy altar of Dithmenos.
  2661 | D:4      | Noticed a black bear
  2672 | D:4      | Killed a black bear
  2673 | D:4      | Reached XP level 6. HP: 37/51 MP: 5/5
  2782 | D:4      | Reached skill level 7 in Ranged Weapons
  3119 | D:4      | Reached XP level 7. HP: 56/58 MP: 6/6
  3403 | D:4      | You fall into a shaft and drop 3 floors!
  3424 | D:7      | Found an opulent altar of Gozag.
  3449 | D:7      | Found a staircase to the Ecumenical Temple.
  3459 | Temple   | Entered the Ecumenical Temple
  3575 | Temple   | Became a worshipper of Warmaster Okawaru
  3624 | D:6      | Noticed Maggie
  3653 | D:6      | Killed from afar by Maggie

Illustrated notes

Levels and vault maps discovered:
D:1:      minmay_arrival_nine_rooms, layout_rooms, kennysheep_boxes
D:2:      layout_loops_cross, shapermc_ecumenical_altar_venn
D:3:      layout_loops_ring, lemuel_doored_altar, kiku_gazebo_pond_becter,
          chequers_hall_statues_y
D:4:      minmay_skewed_foursquare, layout_basic, kennysheep_little_box,
          grunt_decor_clamped, guppyfry_shop_venom, uniq_robin
D:6:      layout_basic, grunt_qazlal_sundering, gammafunk_ghost_gnarly_gnolls,
          item_on_display_b, uniq_blork_the_orc, uniq_maggie
D:7:      layout_cave_pools, mainiacjoe_overflow_brackets,
          minmay_temple_entry_overgrown
Temple:   nicolae_temple_figure_zero

Skill      XL: |  1  2  3  4  5  6  7 |
---------------+----------------------+-----
Ranged Weapons | 5 6 7 |  7.7
Armour         | 1 2 3 |  3.0
Fighting       | 3 4 |  4.3
Polearms       | 1 |  1.3
Short Blades   | 1 2 |  2.6
Dodging        | 3 |  3.5
Stealth        | |  0.9

Action                   |  1- 3 |  4- 6 |  7- 9 || total
-------------------------+-------+-------+-------++-------
Melee: Dagger            |     3 |       |       ||     3
       Spear             |    35 |       |       ||    35
       Short sword       |     7 |    66 |    20 ||    93
       Headbutt          |     7 |    13 |     2 ||    22
 Fire: Shortbow          |    73 |    75 |    30 ||   178
  Use: Scroll            |     4 |       |     1 ||     5
       Potion            |     4 |     2 |     1 ||     7
Armor: Leather armour    |     8 |       |       ||     8
       Ring mail         |    11 |    25 |    12 ||    48
Dodge: Dodged            |    26 |    37 |    17 ||    80
